[Event "Zalakaros Barczay Memorial 2020"]
[Site "Zalakaros"]
[Date "2020.09.05"]
[Round "6.5"]
[White "Boronyak, Arpad"]
[Black "Leszko, Bence"]
[Result "0-1"]
[ECO "C04"]
[WhiteElo "2120"]
[BlackElo "2305"]
[Annotator "ChessBase"]
[PlyCount "130"]
[EventDate "2020.08.31"]
[EventType "swiss"]
[EventCountry "HUN"]
[SourceTitle "playchess.com"]
[Source "ChessBase"]
[SourceQuality "1"]
[TimeControl "40/5400+30:1800+30"]

1. e4 e6 2. d4 d5 3. Nd2 Nc6 4. Ngf3 Nf6 5. e5 Nd7 6. c3 f6 7. exf6 Qxf6 8. Bb5 Bd6 9. Nf1 O-O 10. Ng3 e5 11. Qb3 Nb6 12. Be3 Na5 13. Qc2 e4 14. Ne5 a6 15. Be2 Bxe5 16. dxe5 Qxe5 17. O-O Nac4 18. Bd4 Qe7 19. b3 Nd6 20. c4 dxc4 21. bxc4 Nf5 22. Nxf5 Bxf5 23. Qb3 Rad8 24. Rad1 Qe6 25. Qc3 Rd7 26. Be3 Rfd8 27. Qb3 Rxd1 28. Rxd1 Rxd1+ 29. Qxd1 Nd7 30. h3 c5 31. Qd2 b6 32. Qb2 Ne5 33. Qa3 a5 34. Qb3 h6 35. Bf4 Nd3 36. Bc7 Nc1 37. Qb2 Qc6 38. Bb8 Nd3 39. Qc3 Qe6 40. Bc7 Kh7 41. Bf1 Qc6 42. Bb8 Qg6 43. Bg3 Kh8 44. Qd2 Qe6 45. Qc3 Qg6 46. Kh2 Qc6 47. Be2 Kg8 48. f3 Qg6 49. fxe4 Bxe4 50. Qd2 Kh7 51. Qe3 Nb4 52. Qd2 Nc6 53. Qf4 Nd4 54. Bh5 Qc6 55. Qd6 Qxd6 56. Bxd6 a4 57. Bc7 b5 58. cxb5 Nxb5 59. Bb6 c4 60. Be8 Nc3 61. a3 Bc2 62. Kg1 Bb3 63. Bc6 Na2 64. Be4+ g6 65. Bb1 Nc3 0-1

[Event "Zalakaros Barczay Memorial 2020"]
[Site "Zalakaros"]
[Date "2020.09.05"]
[Round "6.6"]
[White "Pasztor, Ferenc"]
[Black "Bereczki, Janos"]
[Result "1-0"]
[ECO "E01"]
[WhiteElo "2231"]
[BlackElo "2099"]
[Annotator "ChessBase"]
[PlyCount "85"]
[EventDate "2020.08.31"]
[EventType "swiss"]
[EventCountry "HUN"]
[SourceTitle "playchess.com"]
[Source "ChessBase"]
[SourceQuality "1"]
[TimeControl "40/5400+30:1800+30"]

1. d4 Nf6 2. c4 e6 3. g3 d5 4. Bg2 dxc4 5. Qa4+ Bd7 6. Qxc4 Bc6 7. Nf3 Nbd7 8. Nc3 Nb6 9. Qd3 Bb4 10. O-O Bxc3 11. bxc3 Be4 12. Qb5+ Qd7 13. Qxd7+ Nfxd7 14. Bf4 Nd5 15. Bd2 N7b6 16. Rfc1 Nc4 17. Be1 f6 18. Bh3 Kf7 19. Nd2 Nxd2 20. Bxd2 Nb6 21. f3 Bc6 22. c4 Rhd8 23. Be3 Nc8 24. Bf2 f5 25. Bg2 Ne7 26. e4 b6 27. a4 Rac8 28. a5 Bb7 29. Be3 Nc6 30. axb6 axb6 31. d5 exd5 32. cxd5 Na5 33. Ra3 g6 34. Bd2 c6 35. Bxa5 bxa5 36. Rb3 Rd7 37. Rbc3 Rd6 38. Rb1 Rd7 39. exf5 cxd5 40. fxg6+ Kxg6 41. Rxb7 Rxb7 42. Rxc8 a4 43. Ra8 1-0

[Event "Zalakaros Barczay Memorial 2020"]
[Site "Zalakaros"]
[Date "2020.09.05"]
[Round "6.7"]
[White "Meszaros, Andras"]
[Black "Herbold, Manfred"]
[Result "1-0"]
[ECO "C00"]
[WhiteElo "2203"]
[BlackElo "2063"]
[Annotator "ChessBase"]
[PlyCount "85"]
[EventDate "2020.08.31"]
[EventType "swiss"]
[EventCountry "HUN"]
[SourceTitle "playchess.com"]
[Source "ChessBase"]
[SourceQuality "1"]
[TimeControl "40/5400+30:1800+30"]

1. e4 e6 2. b3 c5 3. Nf3 d5 4. exd5 exd5 5. Bb5+ Bd7 6. Qe2+ Qe7 7. Nc3 Qxe2+ 8. Kxe2 Nf6 9. Re1 a6 10. Kf1+ Be7 11. Bxd7+ Nbxd7 12. d4 Rc8 13. Ba3 b5 14. dxc5 Nxc5 15. Nd4 Ne6 16. Nxe6 Bxa3 17. Nf4+ Kf8 18. Ncxd5 Nxd5 19. Nxd5 Rxc2 20. Re2 Rxe2 21. Kxe2 g6 22. b4 Kg7 23. Rb1 Rc8 24. Kd3 Rc4 25. Rb3 Bc1 26. Rc3 Rg4 27. Rxc1 Rxg2 28. Ke3 Rxh2 29. Rc6 Rh3+ 30. f3 g5 31. Ke4 h5 32. Rxa6 Rh4+ 33. Ke3 Rh3 34. Ke4 h4 35. Ne3 Rh2 36. Nf5+ Kg8 37. f4 gxf4 38. Kxf4 Rb2 39. Nxh4 Rxb4+ 40. Kg5 Rb1 41. Nf5 b4 42. Nd4 Kg7 43. Kf5 1-0

[Event "Zalakaros Barczay Memorial 2020"]
[Site "Zalakaros"]
[Date "2020.09.05"]
[Round "6.8"]
[White "Piroska, Istvan"]
[Black "Metaxasz, Vaszilisz"]
[Result "1-0"]
[ECO "C50"]
[WhiteElo "2131"]
[BlackElo "2039"]
[Annotator "ChessBase"]
[PlyCount "25"]
[EventDate "2020.08.31"]
[EventType "swiss"]
[EventCountry "HUN"]
[SourceTitle "playchess.com"]
[Source "ChessBase"]
[SourceQuality "1"]
[TimeControl "40/5400+30:1800+30"]

1. e4 e5 2. Nf3 Nc6 3. Bc4 Bc5 4. Nc3 Nf6 5. d3 O-O 6. a3 a6 7. Bg5 Be7 8. Qd2 d6 9. Rg1 Nd4 10. Bxf6 Nxf3+ 11. gxf3 Bxf6 12. O-O-O h6 13. Qxh6 1-0

[Event "Zalakaros Barczay Memorial 2020"]
[Site "Zalakaros"]
[Date "2020.09.05"]
[Round "6.9"]
[White "Farkas, Otto Jr."]
[Black "Biro, Sandor"]
[Result "0-1"]
[ECO "C71"]
[WhiteElo "2054"]
[BlackElo "2141"]
[Annotator "ChessBase"]
[PlyCount "56"]
[EventDate "2020.08.31"]
[EventType "swiss"]
[EventCountry "HUN"]
[SourceTitle "playchess.com"]
[Source "ChessBase"]
[SourceQuality "1"]
[TimeControl "40/5400+30:1800+30"]

1. e4 e5 2. Nf3 Nc6 3. Bb5 a6 4. Ba4 d6 5. c4 Bd7 6. O-O g6 7. d3 Bg7 8. Nc3 Nge7 9. h3 O-O 10. Rb1 f5 11. b4 Kh8 12. Nd5 h6 13. Bd2 Nxd5 14. exd5 Ne7 15. Bxd7 Qxd7 16. Bc3 Kh7 17. d4 e4 18. Nd2 b5 19. Qb3 bxc4 20. Nxc4 Nxd5 21. Ba1 Nf4 22. Qe3 g5 23. f3 Rae8 24. Rf2 Qf7 25. Rc2 Qd5 26. Na5 exf3 27. Qxf3 Qxf3 28. gxf3 Rf7 0-1

[Event "Zalakaros Barczay Memorial 2020"]
[Site "Zalakaros"]
[Date "2020.09.05"]
[Round "6.10"]
[White "Krause, Helmut"]
[Black "Molnar Gabor, Roland"]
[Result "0-1"]
[ECO "A40"]
[WhiteElo "1585"]
[BlackElo "2051"]
[Annotator "ChessBase"]
[PlyCount "60"]
[EventDate "2020.08.31"]
[EventType "swiss"]
[EventCountry "HUN"]
[SourceTitle "playchess.com"]
[Source "ChessBase"]
[SourceQuality "1"]
[TimeControl "40/5400+30:1800+30"]

1. d4 e6 2. Nf3 c5 3. e3 Nf6 4. Bd3 b6 5. Nbd2 Bb7 6. O-O Be7 7. Qe2 cxd4 8. exd4 Nc6 9. a3 O-O 10. b3 Rc8 11. Bb2 Nd5 12. g3 Nf6 13. Ne5 Qc7 14. Rac1 d6 15. Nxc6 Qxc6 16. f3 Rfd8 17. Ba6 Bxa6 18. Qxa6 Nd5 19. Qd3 Nc3 20. Rce1 d5 21. Nb1 Nxb1 22. Rxb1 Qxc2 23. Qe3 Qf5 24. Rbc1 Rc2 25. Rxc2 Qxc2 26. Rf2 Qb1+ 27. Kg2 Rc8 28. Qd2 h5 29. h4 Qg6 30. Qd1 Bxh4 0-1

[Event "Zalakaros Barczay Memorial 2020"]
[Site "Zalakaros"]
[Date "2020.09.05"]
[Round "6.11"]
[White "Jeszenszky, Jozsef"]
[Black "Somogyi, Gabor"]
[Result "0-1"]
[ECO "D10"]
[WhiteElo "2048"]
[BlackElo "1830"]
[Annotator "ChessBase"]
[PlyCount "76"]
[EventDate "2020.08.31"]
[EventType "swiss"]
[EventCountry "HUN"]
[SourceTitle "playchess.com"]
[Source "ChessBase"]
[SourceQuality "1"]
[TimeControl "40/5400+30:1800+30"]

1. d4 d5 2. c4 c6 3. cxd5 cxd5 4. Bf4 Nc6 5. e3 Bf5 6. Qb3 Qd7 7. Nc3 e6 8. Nf3 f6 9. Bb5 Nge7 10. O-O g5 11. Bg3 h5 12. h4 Bg4 13. Nd2 gxh4 14. Bxh4 Nf5 15. Bxf6 Rg8 16. Kh1 Kf7 17. Be5 Qe7 18. Bh2 Qg5 19. Bxc6 bxc6 20. Qb7+ Be7 21. Bg3 Rac8 22. Rae1 Kg6 23. Nf3 Bxf3 24. gxf3 Nxg3+ 25. fxg3 Bd6 26. Qd7 Bxg3 27. Qxe6+ Kh7 28. Qd7+ Kh8 29. Qh3 Bxe1 30. Rxe1 Rcf8 31. f4 Qg4 32. Kh2 Qxh3+ 33. Kxh3 Rg4 34. Na4 Re8 35. Rc1 Rxe3+ 36. Kh2 Rxf4 37. Rxc6 Rxd4 38. Rc3 Rd2+ 0-1

[Event "Zalakaros Barczay Memorial 2020"]
[Site "Zalakaros"]
[Date "2020.09.06"]
[Round "7.5"]
[White "Molnar Gabor, Roland"]
[Black "Pasztor, Ferenc"]
[Result "0-1"]
[ECO "A45"]
[WhiteElo "2051"]
[BlackElo "2231"]
[Annotator "ChessBase"]
[PlyCount "40"]
[EventDate "2020.08.31"]
[EventType "swiss"]
[EventCountry "HUN"]
[SourceTitle "playchess.com"]
[Source "ChessBase"]
[SourceQuality "1"]
[TimeControl "40/5400+30:1800+30"]

1. d4 Nf6 2. Bf4 g6 3. Nc3 d5 4. e3 Bg7 5. h4 h5 6. Nb5 Na6 7. Nf3 c6 8. Nc3 Qb6 9. Na4 Qa5+ 10. c3 b5 11. Nc5 Nxc5 12. dxc5 Ne4 13. Be5 f6 14. Bh2 b4 15. Nd4 bxc3 16. Nxc6 Qxc5 17. Nd4 cxb2 18. Bb5+ Kf7 19. Rb1 e5 20. Rxb2 Qc3+ 0-1

[Event "Zalakaros Barczay Memorial 2020"]
[Site "Zalakaros"]
[Date "2020.09.06"]
[Round "7.7"]
[White "Somogyi, Gabor"]
[Black "Meszaros, Andras"]
[Result "0-1"]
[ECO "A15"]
[WhiteElo "1830"]
[BlackElo "2203"]
[Annotator "ChessBase"]
[PlyCount "52"]
[EventDate "2020.08.31"]
[EventType "swiss"]
[EventCountry "HUN"]
[SourceTitle "playchess.com"]
[Source "ChessBase"]
[SourceQuality "1"]
[TimeControl "40/5400+30:1800+30"]

1. c4 Nf6 2. g3 g6 3. Bg2 Bg7 4. Nc3 O-O 5. e4 d6 6. d4 Nbd7 7. Nge2 e5 8. O-O exd4 9. Nxd4 Re8 10. f3 c6 11. Nc2 Nb6 12. Qd3 Be6 13. Ne3 d5 14. cxd5 cxd5 15. Ncxd5 Nfxd5 16. Nxd5 Nxd5 17. exd5 Bxd5 18. Be3 Bxb2 19. Rab1 Bf6 20. Bf2 Bc6 21. Qxd8 Raxd8 22. f4 Bxg2 23. Kxg2 b6 24. Rfd1 Rxd1 25. Rxd1 Re2 26. a3 Ra2 0-1

[Event "Zalakaros Barczay Memorial 2020"]
[Site "Zalakaros"]
[Date "2020.09.06"]
[Round "7.8"]
[White "Bereczki, Janos"]
[Black "Bodrogi, Bendeguz"]
[Result "1/2-1/2"]
[ECO "A46"]
[WhiteElo "2099"]
[BlackElo "2078"]
[Annotator "ChessBase"]
[PlyCount "89"]
[EventDate "2020.08.31"]
[EventType "swiss"]
[EventCountry "HUN"]
[SourceTitle "playchess.com"]
[Source "ChessBase"]
[SourceQuality "1"]
[TimeControl "40/5400+30:1800+30"]

1. d4 Nf6 2. Nf3 c5 3. e3 g6 4. b3 Bg7 5. Bb2 O-O 6. Be2 b6 7. O-O Bb7 8. dxc5 bxc5 9. c4 d6 10. Qc1 Nc6 11. Nc3 e5 12. Rd1 Qe7 13. a3 a6 14. Rb1 Rfd8 15. b4 cxb4 16. axb4 Nxb4 17. Ba3 a5 18. Bxb4 axb4 19. Rxb4 d5 20. Qb2 Bc6 21. Rb6 Rac8 22. cxd5 Bxd5 23. Nxd5 Nxd5 24. Rb7 Rc7 25. Rb8 Rcd7 26. Rxd8+ Rxd8 27. Qd2 e4 28. Bc4 exf3 29. Bxd5 Bf6 30. gxf3 Kg7 31. Qc2 Qe5 32. Qc4 Qc3 33. Qxc3 Bxc3 34. Kf1 Rd7 35. Ke2 g5 36. Bc4 Rxd1 37. Kxd1 Be5 38. h3 f5 39. Be6 Kf6 40. Bd7 h6 41. Ke2 f4 42. Kd3 h5 43. h4 gxh4 44. Ke4 Bb8 45. exf4 1/2-1/2

[Event "Zalakaros Barczay Memorial 2020"]
[Site "Zalakaros"]
[Date "2020.09.06"]
[Round "7.9"]
[White "Dlauchy, Peter"]
[Black "Boronyak, Arpad"]
[Result "0-1"]
[ECO "B33"]
[WhiteElo "1690"]
[BlackElo "2120"]
[Annotator "ChessBase"]
[PlyCount "66"]
[EventDate "2020.08.31"]
[EventType "swiss"]
[EventCountry "HUN"]
[SourceTitle "playchess.com"]
[Source "ChessBase"]
[SourceQuality "1"]
[TimeControl "40/5400+30:1800+30"]

1. e4 c5 2. Nf3 e6 3. d4 cxd4 4. Nxd4 Nf6 5. Nc3 Nc6 6. Ndb5 d6 7. Bf4 e5 8. Bg5 a6 9. Bxf6 gxf6 10. Na3 b5 11. Nd5 f5 12. exf5 Bxf5 13. c3 Bg7 14. Nc2 O-O 15. Nce3 Be6 16. g3 f5 17. Bg2 Rb8 18. O-O Ne7 19. Nxe7+ Qxe7 20. Bd5 Kh8 21. Bxe6 Qxe6 22. Qd5 Qg6 23. Rad1 f4 24. Ng2 Rbd8 25. Kh1 fxg3 26. fxg3 Rxf1+ 27. Rxf1 Qc2 28. Qb3 Qxb3 29. axb3 d5 30. Nh4 d4 31. cxd4 exd4 32. Rd1 d3 33. Rd2 Bxb2 0-1

[Event "Zalakaros Barczay Memorial 2020"]
[Site "Zalakaros"]
[Date "2020.09.06"]
[Round "7.10"]
[White "Herbold, Manfred"]
[Black "Ilyes, Peter"]
[Result "0-1"]
[ECO "C02"]
[WhiteElo "2063"]
[BlackElo "1902"]
[Annotator "ChessBase"]
[PlyCount "80"]
[EventDate "2020.08.31"]
[EventType "swiss"]
[EventCountry "HUN"]
[SourceTitle "playchess.com"]
[Source "ChessBase"]
[SourceQuality "1"]
[TimeControl "40/5400+30:1800+30"]

1. e4 e6 2. d4 d5 3. e5 c5 4. Qg4 cxd4 5. Nf3 Nc6 6. Bd3 f5 7. Qg3 Qa5+ 8. Nbd2 Nh6 9. O-O Nf7 10. h4 g6 11. Re1 Be7 12. a3 Bd7 13. b4 Qa4 14. Nb3 a5 15. Bd2 O-O-O 16. Reb1 b6 17. bxa5 bxa5 18. Nxa5 Nxa5 19. Ba6+ Kc7 20. Bxa5+ Qxa5 21. Rb7+ Kc8 22. Rb3+ Qxa6 23. Nxd4 Ba4 24. Rb2 Kd7 25. Rab1 Bc5 26. Nf3 Rc8 27. h5 Rhg8 28. hxg6 Rxg6 29. Qh4 Rh6 30. Qg3 Rg6 31. Qh4 h6 32. Qh5 Rg7 33. Nh4 Rc7 34. Nxf5 exf5 35. Qxf5+ Qe6 36. Qf4 Bc6 37. Re1 Rb7 38. Rxb7+ Bxb7 39. Qa4+ Kc7 40. Qa5+ Bb6 0-1

[Event "Zalakaros Barczay Memorial 2020"]
[Site "Zalakaros"]
[Date "2020.09.06"]
[Round "7.11"]
[White "Deak, Laszlo"]
[Black "Metaxasz, Vaszilisz"]
[Result "1/2-1/2"]
[ECO "B31"]
[WhiteElo "1890"]
[BlackElo "2039"]
[Annotator "ChessBase"]
[PlyCount "27"]
[EventDate "2020.08.31"]
[EventType "swiss"]
[EventCountry "HUN"]
[SourceTitle "playchess.com"]
[Source "ChessBase"]
[SourceQuality "1"]
[TimeControl "40/5400+30:1800+30"]

1. e4 c5 2. Nf3 Nc6 3. Bb5 g6 4. O-O Bg7 5. c3 Nf6 6. Qe2 O-O 7. Na3 a6 8. Bxc6 bxc6 9. d3 d6 10. h3 Qc7 11. Bf4 e5 12. Bg5 Nh5 13. g4 f6 14. Be3 1/2-1/2